 Dungeon Crawl Stone Soup version 0.16.0-17-g811c1d7 (webtiles) character file.

29 Chiseanne the Magician (level 3, -5/24 HPs)
             Began as a Demonspawn Wizard on Mar 22, 2015.
             Was an Initiate of Vehumet.
             Killed from afar by Sigmund (7 damage)
             ... with a wand of magic darts
             ... on level 2 of the Dungeon.
             The game lasted 00:03:14 (1902 turns).

Chiseanne the Magician (Demonspawn Wizard)          Turns: 1902, Time: 00:03:15

Health: -5/24      AC:  2    Str:  7    XL:     3   Next: 1%
Magic:  3/8        EV: 12    Int: 20    God:    Vehumet [......]
Gold:   64         SH:  0    Dex: 11    Spells: 1 memorised, 8 levels left

rFire  . . .     SeeInvis .     f - +0 spear
rCold  . . .     Clarity  .     a - +0 robe
rNeg   . . .     SustAb   .     (no shield)
rPois  .         Gourm    .     b - +0 hat
rElec  .         Spirit   .     (no cloak)
rCorr  .         Warding  .     (no gloves)
rMut   .         Stasis   .     (no boots)
MR     .....                    (no amulet)
Stlth  +++.......               (no ring)
                                (no ring)

@: not resistant to hostile enchantments, fairly stealthy
A: antennae 1, nightstalker 1
a: Renounce Religion


You were on level 2 of the Dungeon.
You worshipped Vehumet.
Vehumet was noncommittal.
You were near starving.

You visited 1 branch of the dungeon, and saw 2 of its levels.

You collected 64 gold pieces.

Inventory:

Hand weapons
 f - a +0 spear (weapon)
Armour
 a - a +0 robe (worn)
 b - a +0 hat (worn)
 q - a cursed +0 shield
Scrolls
 e - 2 scrolls of teleportation {unknown}
 g - a scroll of enchant weapon {unknown}
 i - 2 scrolls of enchant armour {unknown}
 k - a scroll of amnesia {unknown}
 l - a scroll of remove curse {unknown}
 m - a scroll of identify {unknown}
 p - a scroll of fear {unknown}
 r - a scroll of noise {unknown}
 t - a scroll of magic mapping {unknown}
Potions
 s - a potion of lignification
Books
 c - a book of Minor Magic

   Spells                             Type                      Level
   a - Magic Dart                     Conjuration                  1
   b - Blink                          Translocation                2
   c - Call Imp                       Summoning                    2
   d - Repel Missiles                 Charms/Air                   2
   e - Slow                           Hexes                        2
   f - Conjure Flame                  Conjuration/Fire             3
   g - Mephitic Cloud                 Conjuration/Poison/Air       3
Comestibles
 d - a bread ration
 h - a royal jelly
 j - 2 meat rations
 o - a beef jerky


   Skills:
 - Level 1.7 Dodging
 - Level 1.7 Stealth
 * Level 3.8 Spellcasting
 * Level 1.5 Conjurations
   Level 1.0 Summonings
   Level 0.8 Translocations


You had 8 spell levels left.
You knew the following spells:

 Your Spells              Type           Power        Failure   Level  Hunger
a - Magic Dart            Conj           #...         10%         1    None


Dungeon Overview and Level Annotations

Branches:
Dungeon (2/15)

Altars:
Vehumet

Annotations:
D:2 Sigmund


Innate Abilities, Weirdness & Mutations

You have a pair of small antennae on your head.
You are slightly more attuned to the shadows.


Message History

Confirm with . or Enter, or press ? or * to list all spells.
Aiming: Magic Dart
Press: ? - help, Shift-Dir - straight line, f/p - Sigmund
Aim: Sigmund, wielding a scythe, wearing a robe and carrying a wand of magic darts {zapped: 6} (lightly wounded)
The magic dart hits Sigmund.
Sigmund is lightly wounded.
You feel less woody.
Your +0 hat unmelds from your body.
Your +0 robe unmelds from your body.
Sigmund points at you and mumbles some strange words.
The magic dart hits you!
* * * LOW HITPOINT WARNING * * *
Casting: Magic Dart
Confirm with . or Enter, or press ? or * to list all spells.
Aiming: Magic Dart
Press: ? - help, Shift-Dir - straight line, f/p - Sigmund
Aim: Sigmund, wielding a scythe, wearing a robe and carrying a wand of magic darts {zapped: 6} (lightly wounded)
The magic dart hits Sigmund.
Sigmund is moderately wounded.
Sigmund zaps a wand.
The magic dart hits you!
You die...

.# #.# #..#
###)..##
#.@...... #@#
#.# #.## #
#.#.#. #.##.#
#.##.# #.##.#
#.##.#######
#.##.......##


You could see Sigmund.

Vanquished Creatures
  A ball python (D:1)
  3 bats
  2 giant cockroaches (D:2)
  5 goblins
  3 hobgoblins
  A giant gecko (D:1)
  4 giant newts (D:1)
  5 kobolds
  3 rats
27 creatures vanquished.

Notes
Turn   | Place    | Note
--------------------------------------------------------------
     0 | D:1      | Chiseanne, the Demonspawn Wizard, began the quest for the Orb.
     0 | D:1      | Reached XP level 1. HP: 13/13 MP: 4/4
   373 | D:1      | Gained mutation: You have a pair of small antennae on your head. [demonic ancestry]
   373 | D:1      | Reached XP level 2. HP: 19/19 MP: 3/6
  1402 | D:2      | Found a radiant altar of Vehumet.
  1565 | D:2      | Became a worshipper of Vehumet
  1788 | D:2      | Gained mutation: You are slightly more attuned to the shadows. [demonic ancestry]
  1788 | D:2      | Reached XP level 3. HP: 22/24 MP: 2/8
  1888 | D:2      | Noticed Sigmund
  1902 | D:2      | Killed from afar by Sigmund

Action                   || total
-------------------------++-------
Melee: Spear             ||    12
 Cast: Magic Dart        ||    63
  Use: Potion            ||     3
  Eat: Chunk             ||     1
